 Dungeon Crawl Stone Soup version 0.21-a0-552-g593960d (webtiles) character file.

49 slep the Chopper (level 3, -1/18 HPs)
             Began as a Vine Stalker Gladiator on Dec 18, 2017.
             Killed by divine providence
             ... invoked by an orc priest
              (11 damage)
             ... on level 3 of the Dungeon.
             The game lasted 00:04:21 (1602 turns).

slep the Chopper (Vine Stalker Gladiator)           Turns: 1602, Time: 00:04:22

Health: -1/18      AC:  5    Str: 16    XL:     3   Next: 75%
Magic:  0/4        EV: 13    Int:  8    God:
Gold:   65         SH:  0    Dex: 16    Spells: 2/2 levels left

rFire    . . .     SeeInvis .   a - +0 war axe
rCold    . . .     Gourm    .   (no shield)
rNeg     . . .     Faith    .   b - +0 leather armour
rPois    .         Spirit   +   c - +0 helmet
rElec    .         Reflect  .   (no cloak)
rCorr    .         Harm     .   m - +0 pair of gloves
MR       .....                  (no boots)
Stlth    +.........             (no amulet)
HPRegen  0.06/turn              (no ring)
MPRegen  0.09/turn              (no ring)

@: starving
A: fangs 2, magic shield, antimagic bite, no potion heal 3, rot immunity
a: no special abilities


You were on level 3 of the Dungeon.
You were starving.

You visited 1 branch of the dungeon, and saw 3 of its levels.

You collected 65 gold pieces.

Inventory:

Hand Weapons
 a - a +0 war axe (weapon)
Missiles
 d - 2 throwing nets
 g - 7 javelins (quivered)
 h - 7 tomahawks
Armour
 b - a +0 leather armour (worn)
 c - a +0 helmet (worn)
 m - a +0 pair of gloves (worn)
Jewellery
 k - an uncursed ring of ice
Scrolls
 j - 6 scrolls of identify {unknown}
 l - 2 scrolls of magic mapping {unknown}
 n - 2 scrolls of teleportation {unknown}
 o - a scroll of remove curse {unknown}
 p - 2 scrolls of immolation {unknown}
 q - a scroll of fog {unknown}
Potions
 e - a potion of flight {unknown}
Comestibles
 f - 3 bread rations
 i - 2 royal jellies


   Skills:
 + Level 2.1 Fighting
 + Level 3.3 Axes
 + Level 2.1 Throwing
 + Level 0.2 Armour
 + Level 2.8 Dodging


You had 2 spell levels left.
You didn't know any spells.

Dungeon Overview and Level Annotations

Branches:
Dungeon (3/15)

Altars:
Hepliaklqana
Kikubaaqudgha


Innate Abilities, Weirdness & Mutations

You have extremely sharp teeth.
When hurt, damage is shared between your health and your magic reserves.
Your bite disrupts and absorbs the magic of your enemies.
Potions cannot restore your health.
You are immune to rotting.


Message History

You hit the orc.
You kill the orc!
You closely miss the kobold.
The orc throws a tomahawk.
The tomahawk hits you but does no damage.
The kobold hits you but does no damage.
The orc priest casts a cantrip, but nothing happens.
The orc throws a tomahawk.
The tomahawk closely misses you. The kobold closely misses you.
You slash the kobold!
You kill the kobold!
The orc priest looks braver for a moment.
The orc throws a tomahawk.
The tomahawk hits you.
The orc throws a tomahawk.
The tomahawk barely misses you.
You see here a club.
You barely miss the orc. You bite the orc, but do no damage.
You hit the orc priest but do no damage.
The orc priest mumbles some strange prayers to Beogh against you.
Beogh smites you!
Ouch! That really hurt!
You die...

... #.##. ... ##....) ...
.......$. ... #........ #.
#.####.#......
###....##..)..........
....#....oo......... ....
#o@)....... #.. #.)(.(#....
#..# ####.### . #...#####
#...#### #......#####(...#
### ##
#...##.....####.#######..
....###..#####...........##..
#.......(....#####.####.....
####..........####.# ####..


You could see an orc priest and 2 orcs.

Vanquished Creatures
  A worm (D:2)
  3 dart slugs
  A leopard gecko (D:3)
  An orc (D:3)
  6 hobgoblins
  7 kobolds
  9 bats
  3 frilled lizards (D:1)
  4 goblins
  3 rats
38 creatures vanquished.

Notes
Turn   | Place    | Note
-------+----------+-------------------------------------------
     0 | D:1      | slep the Vine Stalker Gladiator began the quest for the Orb.
     0 | D:1      | Reached XP level 1. HP: 11/11 MP: 2/2
   104 | D:1      | Reached XP level 2. HP: 14/15 MP: 3/3
   357 | D:1      | Reached skill level 3 in Axes
   490 | D:1      | Reached XP level 3. HP: 15/18 MP: 4/4
  1484 | D:2      | Found a hazy altar of Hepliaklqana.
  1484 | D:2      | Found an ancient bone altar of Kikubaaqudgha.
  1602 | D:3      | Killed from afar by an orc priest

Vault maps used:
D:1:      dpeg_arrival_oval
D:2:      gammafunk_temple_overflow_pools, lemuel_another_geyser
D:3:      first_bread

Skill      XL: |  1  2  3 |
---------------+----------+-----
Fighting       | 2 |  2.1
Axes           | 3 |  3.3
Throwing       | 2 |  2.1
Armour         | |  0.2
Dodging        | |  2.8

Action                   || total
-------------------------++-------
Melee: War axe           ||    82
       Bite              ||    18
Throw: Javelin           ||     2
       Throwing net      ||     1
Armor: Leather armour    ||    41
Dodge: Dodged            ||    72

Table legend:
 A = Spawn XP
 B = Non-spawn XP
 C = Spawn XP percentage of total XP
 D = Spawn monster count
 E = Non-spawn monster count
 F = Spawn count percentage of total count
 G = Total turns spent on level
                    A         B        C        D         E        F      G
               +---------+---------+-------+---------+---------+-------+---------
         Total |       0 |      70 |   0.0 |       0 |      38 |   0.0 |  1602
               +---------+---------+-------+---------+---------+-------+---------
           D:1 |       0 |      43 |   0.0 |       0 |      27 |   0.0 |   904
           D:2 |       0 |      19 |   0.0 |       0 |       8 |   0.0 |   612
           D:3 |       0 |       8 |   0.0 |       0 |       3 |   0.0 |    86
               +---------+---------+-------+---------+---------+-------+---------
